 Dungeon Crawl Stone Soup version v3.01-hellcrawl-74-g7a863a7 (webtiles) character file.

48 qqqbard the Vandal (level 5, -3/31 HPs)
             Began as a Kobold Hunter on May 2, 2017.
             Slain by a gnoll
             ... wielding a +0 spear
              (6 damage)
             ... on level 3 of the Dungeon.
             The game lasted 00:02:42 (1665 turns).

qqqbard the Vandal (Kobold Hunter)                  Turns: 1665, Time: 00:02:43

Health: -3/31      AC:  3 (14%)Str:  8  XL:     5   Next: 3%
Magic:  5/5        EV: 15    Int:  7    God:
Gold:   211        SH:  0    Dex: 12    Spells: 4/4 levels left

rFire    . . .     SeeInvis .   a - +1 hunting sling
rCold    + . .     Faith    .   (shield restricted)
rNeg     . . .     Spirit   .   c - +0 leather armour
rPois    .         Reflect  .   (no helmet)
rElec    .                      (no cloak)
rCorr    .                      (no gloves)
MR       .....                  (no boots)
Stlth    ++........             (no amulet)
Regen    0.1/turn               (no ring)
MPRegen  0.2/turn               (no ring)

@: no status effects
A: cold resistance 1, evolution
a: no special abilities


You were on level 3 of the Dungeon.
You were not hungry.

You visited 1 branch of the dungeon, and saw 3 of its levels.

You collected 211 gold pieces.

Inventory:

Hand Weapons
 a - a +1 hunting sling (weapon)
 b - a +0 short sword
Missiles
 d - 91 sling bullets
 f - 617 stones (quivered)
 g - 72 bolts
 h - 63 poisoned darts
 i - 165 arrows
 l - 20 frenzy darts
Armour
 c - a +0 leather armour (worn)
Scrolls
 e - a scroll of magic mapping
 k - a scroll of teleportation
Potions
 j - 2 potions of flight


   Skills:
 + Level 2.7 Fighting
 * Level 6.1 Slings
 * Level 2.2 Armour
 + Level 3.4 Dodging
 - Level 1.5 Stealth
 * Level 1.5 Shields


You had 4 spell levels left.
You didn't know any spells.

Dungeon Overview and Level Annotations

Branches:
Dungeon (3/15)

Altars:
Dithmenos
Elyvilon
Makhleb
Nemelex Xobeh
Vehumet


Innate Abilities, Weirdness & Mutations

You are small and have problems with some larger weapons.
You evolve.
Your flesh is cold resistant. (rC+)


Message History

Firing (i - inventory. (,) - cycle):
f - 619 stones (quivered)
Press: ? - help, Shift-Dir - straight line, f/p - gnoll shaman
Aim: a gnoll shaman, wielding a +0 whip and wearing a +0 leather armour (moderately wounded)
You shoot a stone.
The stone closely misses the gnoll shaman (0).
The stone hits the gnoll (5).
You kill the gnoll!
You have reached level 5!
You feel agile.
The gnoll shaman hits you with a +0 whip (3).
* * * LOW HITPOINT WARNING * * *
Firing (i - inventory. (,) - cycle):
f - 618 stones (quivered)
Press: ? - help, Shift-Dir - straight line, f/p - gnoll shaman
Aim: a gnoll shaman, wielding a +0 whip and wearing a +0 leather armour (moderately wounded)
You shoot a stone.
The stone completely misses the gnoll shaman (0).
The stone hits the gnoll (6).
The gnoll is heavily wounded.
The gnoll hits you from afar with a +0 spear (6).
You die...

..#.....#.....####.
#.#.....#..##...##.
#.#..##.#..#....##.
#.#..##......_.....
#........##....#..#
#.#..###.##...##..#
#....# .####.....#
######.###.####.....#
#.gg@...........#####
.....###.####.####.
.## #.# # #.# #.# #.#
#.. ###


You could see a gnoll shaman and a gnoll.

Vanquished Creatures
  2 gnolls (D:3)
  3 adders
  A dart slug (D:1)
  An orc (D:3)
  4 quokkas
  2 ball pythons
  10 bats
  2 giant cockroaches
  5 goblins
  3 hobgoblins
  2 jackals (D:3)
  3 kobolds (D:1)
  A frilled lizard (D:3)
  5 rats
44 creatures vanquished.

Vanquished Creatures (others)
  A bat (D:2)
1 creature vanquished.

Grand Total: 45 creatures vanquished

Notes
Turn   | Place    | Note
-------+----------+-------------------------------------------
     0 | D:1      | qqqbard the Kobold Hunter began the quest for the Orb.
     0 | D:1      | Reached XP level 1. HP: 12/12 MP: 1/1
   141 | D:1      | Gained mutation: You evolve. [Kobold growth]
   141 | D:1      | Reached XP level 2. HP: 17/17 MP: 2/2
   230 | D:1      | Reached skill level 1 in Armour
   731 | D:2      | Reached XP level 3. HP: 22/22 MP: 3/3
   771 | D:2      | Found a sparkling altar of Nemelex Xobeh.
   931 | D:2      | Found a faded altar of an unknown god.
  1176 | D:2      | Reached XP level 4. HP: 27/27 MP: 4/4
  1211 | D:2      | Gained mutation: Your flesh is cold resistant. (rC+) [evolution]
  1261 | D:2      | Found a radiant altar of Vehumet.
  1487 | D:3      | Found a shadowy altar of Dithmenos.
  1527 | D:3      | Reached skill level 1 in Shields
  1557 | D:3      | Found a white marble altar of Elyvilon.
  1584 | D:3      | Found a burning altar of Makhleb.
  1651 | D:3      | Reached skill level 6 in Slings
  1664 | D:3      | Reached XP level 5. HP: 5/31 MP: 5/5
  1665 | D:3      | Slain by a gnoll

Skill      XL: |  1  2  3  4 |
---------------+-------------+-----
Armour         | 1 2 |  2.2
Dodging        | 3 |  3.4
Shields        | 1 |  1.5
Slings         | 6 |  6.1
Fighting       | |  2.7
Stealth        | |  1.5

Action                   |  1- 3 |  4- 6 || total
-------------------------+-------+-------++-------
 Fire: Hunting sling     |    98 |    91 ||   189
Armor: Leather armour    |     9 |     9 ||    18
Dodge: Dodged            |    23 |    27 ||    50
